 Dungeon Crawl Stone Soup version 0.30-a0-358-g0d69a1922f (webtiles) character file.

Game seed: 12816484027396085653

211420 ragingrage the Devastator (level 18, -23/152 (154) HPs)
             Began as a Pale Draconian Wanderer on Nov 9, 2022.
             Was an Initiate of Gozag.
             Killed from afar by an ancient lich (125 damage)
             ... with a crystal spear
             ... on level 3 of the Abyss on Nov 10, 2022.
             The game lasted 01:43:07 (40749 turns).

ragingrage the Devastator (DrWn)                   Turns: 40749, Time: 01:43:07

HP:   -23/152 (154) AC: 18    Str: 19    XL:     18   Next: 21%
MP:   27/33         EV: 17    Int: 17    God:    Gozag
Gold: 6652          SH: 16    Dex: 18    Spells: 11/39 levels left

rFire   + + .      SeeInvis +    a - staff of conjuration
rCold   + + +      Faith    .    r - +2 kite shield
rNeg    + . .      Spirit   .    (body armour unavailable)
rPois   +          Reflect  .    c - +0 hat
rElec   +          Harm     .    x - scarf {rC+ rF+}
rCorr   +          Rampage  .    P - +4 pair of gloves "Gexeib" {rF+ rN+}
Will    +....      Rage     9%   i - +2 pair of boots
Stlth   ++........               X - amulet of Vitality {RegenMP++ Regen++}
HPRegen 2.05/turn                L - ring of the Magpie {rElec rC+ Dex+3 SInv Stlth-}
MPRegen 1.03/turn                V - ring "Ceer" {rPois rC+ rCorr Dex+3 Stlth+}

@: short of breath, lightly drained
A: breathe steam, AC +10, unfitting armour, cold-blooded, steam resistance,
deterioration 1, strong 1, wild magic 1, [berserk 2]
}: 1/15 runes: serpentine
a: Breathe Steam, Renounce Religion, Potion Petition, Call Merchant, Bribe
Branch


You were on level 3 of the Abyss.
You worshipped Gozag.
Gozag was greatly pleased with you.
You visited 5 branches of the dungeon, and saw 26 of its levels.
You visited the Abyss 2 times.
You also visited: Bailey and Ice Cave.

You collected 11707 gold pieces.
You spent 2975 gold pieces at shops.
You paid 2080 gold pieces to Gozag.

Inventory:

Missiles
 m - 3 throwing nets
 F - 5 javelins
 G - 57 poisoned darts
 H - 5 curare-tipped darts
Armour
 c - a +0 hat (worn)
 i - a +2 pair of boots (worn)
 r - a +2 kite shield (worn)
 x - a scarf of resistance (worn)
 P - the +4 pair of gloves "Gexeib" (worn) {rF+ rN+}
   (You acquired it on level 8 of the Dungeon)

   rF:        It protects you from fire.
   rN:        It protects you from negative energy.
Magical Staves
 a - a staff of conjuration (weapon)
Jewellery
 C - a ring of willpower
 L - the ring of the Magpie (left hand) {rElec rC+ Dex+3 SInv Stlth-}
   (You acquired it on level 4 of the Lair of Beasts)

   [ring of see invisible]

   Dex:       It affects your dexterity (+3).
   rC:        It protects you from cold.
   rElec:     It insulates you from electricity.
   SInv:      It lets you see invisible.
   Stlth:     It makes you less stealthy.
 S - the ring of Compulsion {Fly Dex+3}
   (You found it in an ice cave)

   [ring of flight]

   Dex:       It affects your dexterity (+3).
   Fly:       It grants you flight.
 T - a +6 ring of intelligence
 V - the ring "Ceer" (right hand) {rPois rC+ rCorr Dex+3 Stlth+}
   (You found it on level 5 of the Lair of Beasts)

   [ring of protection from cold]

   Dex:       It affects your dexterity (+3).
   rC:        It protects you from cold.
   rPois:     It protects you from poison.
   rCorr:     It protects you from acid and corrosion.
   Stlth:     It makes you more stealthy.
 X - the amulet of Vitality (around neck) {RegenMP++ Regen++}
   (You bought it in a shop on level 1 of the Lair of Beasts)

   [amulet of magic regeneration]

   It increases your rate of magic regeneration.
   Regen:     It increases your rate of health regeneration.
Wands
 b - a wand of iceblast (5)
 w - a wand of flame (76)
 I - a wand of polymorph (8)
 M - a wand of paralysis (11)
 N - a wand of mindburst (20)
 O - a wand of light (11)
Scrolls
 f - 5 scrolls of fog
 h - 6 scrolls of immolation
 j - 3 scrolls of enchant weapon
 n - 2 scrolls of torment
 q - 4 scrolls of amnesia
 s - 2 scrolls of magic mapping
 y - 9 scrolls of teleportation
 z - 7 scrolls of blinking
 B - 4 scrolls of enchant armour
 E - 8 scrolls of identify
 J - 7 scrolls of fear
 R - 4 scrolls of poison
Potions
 d - a potion of invisibility
 e - 7 potions of mutation
 g - a potion of berserk rage
 k - 9 potions of curing
 o - 5 potions of heal wounds
 p - 5 potions of flight
 u - 6 potions of brilliance
 v - 3 potions of haste
 A - 2 potions of resistance
 D - 2 potions of cancellation
 K - 4 potions of attraction
 Q - 6 potions of lignification
 U - a potion of magic
 Y - 3 potions of might
Miscellaneous
 t - a phantom mirror (inert)
 W - a condenser vane


   Skills:
 + Level 11.8 Fighting
 - Level 2.0 Axes
 - Level 3.9 Staves
 - Level 10.0 Dodging
 - Level 1.7 Stealth
 + Level 14.1 Shields
 + Level 11.3 Spellcasting
 - Level 20.0 Conjurations
 - Level 8.0 Hexes
 + Level 1.0 Summonings
 - Level 7.0 Transmutations
 - Level 3.0 Air Magic
 - Level 2.0 Poison Magic
 + Level 8.2 Evocations


You had 11 spell levels left.
You knew the following spells:

 Your Spells              Type           Power      Damage    Failure   Level
a - Spellforged Servitor  Conj/Summ      36%        N/A       88%         7
b - Searing Ray           Conj           100%       2d8       1%          2
c - Mephitic Cloud        Conj/Pois/Air  65%        N/A       2%          3
d - Fulminant Prism       Conj/Hex       42%        3d19      1%          4
e - Irradiate             Conj/Tmut      41%        3d25      3%          5
f - Orb of Destruction    Conj           50%        9d13      5%          7

Your spell library contained the following spells:

 Spells                   Type           Power      Damage    Failure   Level
 Magic Dart               Conj           100%       1d8       1%          1
 Hailstorm                Conj/Ice       71%        3d15      1%          3
 Summon Guardian Golem    Hex/Summ       32%        N/A       10%         3
 Summon Small Mammal      Summ           68%        N/A       13%         1
 Apportation              Tloc           24%        N/A       21%         1
 Freeze                   Ice            48%        1d6       21%         1
 Necrotise                Necr           48%        1d6       21%         1
 Call Imp                 Summ           17%        N/A       21%         2
 Blade Hands              Tmut           21%        N/A       30%         5
 Ice Form                 Ice/Tmut       27%        N/A       41%         4
 Frozen Ramparts          Ice            24%        1d4       47%         3
 Vampiric Draining        Necr           12%        2d6       47%         3
 Summon Ice Beast         Ice/Summ       14%        N/A       80%         4
 Agony                    Necr           12%        N/A       99%         5
 Dragon Form              Tmut           21%        N/A       100%        7


Dungeon Overview and Level Annotations

Branches:
Dungeon (12/15)            Temple (0/1) D:6            Lair (5/5) D:11
 Shoals (0/4) Lair:3        Snake (4/4) Lair:2        Slime (0/5) Lair:5
    Orc (2/2) D:9             Elf (3/3) Orc:2        Bailey (visited)
  IceCv (visited)

Altars:
Ashenzari
Cheibriados
Dithmenos
Elyvilon
Fedhas
Gozag
Kikubaaqudgha
Makhleb
Okawaru
Qazlal
Sif Muna
Uskayaw
Yredelemnul
The Shining One

Shops:
Orc:2 *[[[((=?*   Elf:2 [   Lair:1 :*=   Snake:1 (

Annotations:
D:3 exclusion: downstairs
D:8 2 transporters
D:10 1 runed translucent door
D:11 exclusion: 2 downstairs
Lair:3 3 runed translucent doors, brouguemayhem's ghost, journeyman MiBe
Lair:4 exclusion: 2 downstairs
Lair:5 1 runed translucent door
Snake:1 3 runed translucent doors, Saojabem's ghost, adept MiBe
Elf:2 3 runed translucent doors


Innate Abilities, Weirdness & Mutations

You can breathe blasts of scalding, opaque steam.
Your pale cyan-grey scales are hard. (AC +10)
You cannot fit into any form of body armour.
You are cold-blooded and may be slowed by cold attacks.
You are immune to the effects of steam.
Your body sometimes deteriorates upon taking damage.
Your muscles are strong. (Str +4, Int/Dex -1)
Your spells are a little harder to cast, but a little more powerful.
[You have an uncontrollable temper.]


Message History

r - Retreat! s - Stop attacking. g - Guard the area. f - Follow me.
Anything else - Cancel.
Gang up on whom?
Press: ? - help, Dir - move target, f/p - ancient lich
Aim: an ancient lich (heavily damaged, fast, slightly transparent, unaware, hasn't noticed you)
The ancient lich is invisible, and you have no allies that can see it.
What are your orders? t - Shout!
Orders for allies: a - Attack new target. p - Attack previous target. r - Retreat! s - Stop attacking. g - Guard the area. f - Follow me.
Anything else - Cancel.
Retreat in which direction?
Press: ? - help, Dir - move target, p - ancient lich Fall back!
The ancient lich casts a spell at you.
Your large abomination easily resists.
A balrug comes into view. It is wielding a +0 demon whip.
The ancient lich barely misses your large abomination.
There is an empty arch of ancient stone here.
Something tramples your large abomination but does no damage.
Something tramples your large abomination.
Your large abomination stumbles backwards!
Aiming: Breathe Steam (1% risk of failure)
Press: ? - help, Shift-Dir - straight line, f - ancient lich
Aim: an ancient lich (moderately damaged, fast, slightly transparent, 74% to hit)
You exhale a blast of scalding steam.
The ball of steam misses the ancient lich.
Casting: Orb of Destruction (dangerous; 5% risk of failure)
Confirm with . or Enter, or press ? or * to list all spells.
Aiming: Orb of Destruction (dangerous; 5% risk of failure)
Press: ? - help, Shift-Dir - straight line, f/p - ancient lich
Aim: an ancient lich (steam, moderately damaged, fast, slightly transparent)
You feel a surge of power!
The ancient lich points at you and mumbles some strange words.
The crystal spear hits you!!!!
Ouch! That really hurt!
You die...
Your body crumbles into a pile of gold.

.. # .. .
#.#. ..# ...
#'# ##.## #
##.@.## #.
#.ยง*..# ###
.####L..##
#.
.##.#X#.##
#..##...####
#. '2.X..#
#.X##.X.##
#.. #####
#X#..#


You could see an ancient lich (fast, invisible, ally target) and a thrashing
horror.

Vanquished Creatures
  Vashnia (Snake:3)
  A bone dragon (Abyss:3)
  A lich (Abyss:3)
  Asterion (Elf:3)
  A deep elf master archer (Elf:3)
  A deep elf blademaster (Elf:3)
  3 tentacled starspawn (Abyss:3)
  Kirke (Snake:3)
  An azure jelly (IceCv)
  9 nagarajas
  A daeva (Abyss:3)
  3 deep elf sorcerers
  A quicksilver ooze (IceCv)
  6 deep elf demonologists
  Azrael (D:12)
  3 deep elf annihilators (Elf:3)
  3 deep elf death magi
  Fannar (D:12)
  A green death (Abyss:3)
  4 deep elf high priests (Elf:3)
  Harold (Orc:1)
  14 anacondas
  3 hydras
  3 centaur warriors
  2 boulder beetles
  4 two-headed ogres
  12 naga warriors
  11 death yaks
  21 dancing weapons
  11 deep elf knights
  An orc high priest (Orc:2)
  3 shock serpents
  14 naga sharpshooters
  2 salamander mystics (Snake:4)
  A sun demon (Abyss:3)
  4 skeletal warriors (D:12)
  3 wretched stars (Abyss:3)
  2 sea snakes
  A death drake (Abyss:3)
  A shadow demon (Abyss:3)
  Pikel (D:8)
  27 deep elf pyromancers
  7 naga ritualists
  12 deep elf archers
  18 deep elf zephyrmancers
  10 mana vipers
  A wolf spider (Lair:1)
  5 orc sorcerers (Orc:2)
  4 cyclopes
  A worldbinder (Abyss:3)
  A manticore (D:11)
  16 elephants
  6 salamanders
  A manticore (shapeshifter) (Elf:3)
  33 black mambas
  Joseph (D:7)
  An ice statue (IceCv)
  3 guardian serpents
  14 naga magi
  10 cane toads
  A torpor snail (Lair:1)
  A smoke demon (Abyss:3)
  Psyche (D:8)
  A freezing wraith (Abyss:3)
  A yaktaur (shapeshifter) (Elf:3)
  2 rime drakes
  10 komodo dragons
  7 trolls
  6 polar bears
  10 blink frogs
  4 hornets
  8 slime creatures (IceCv)
  8 dream sheep
  3 raiju (Abyss:3)
  A shadow (D:9)
  3 air elementals
  19 spriggans
  7 wyverns
  35 yaks
  3 hogs (Snake:3)
  7 fire elementals
  2 water elementals
  2 steam dragons
  Grum (D:8)
  8 wargs
  A large abomination (Abyss:3)
  38 nagas
  6 hell hounds
  3 acid dragons
  10 water moccasins
  Duvessa (D:5)
  4 black bears
  18 orc warriors
  3 sky beasts
  7 ice beasts
  A great orb of eyes simulacrum (IceCv)
  6 starcursed masses (Abyss:3)
  12 ogres
  A small abomination (Abyss:3)
  5 boggarts (Lair:5)
  43 wolves
  7 slime creature simulacra (IceCv)
  12 centaurs
  2 phantoms (D:9)
  12 bullfrogs
  5 earth elementals
  4 kobold brigands
  2 wyvern zombies (D:7)
  4 scorpions
  5 glowing shapeshifter simulacra (IceCv)
  3 necrophages
  A gnoll sergeant (D:11)
  7 wights
  2 two-headed ogre simulacra (Orc:2)
  An elephant simulacrum (Orc:2)
  Dowan (D:5)
  12 killer bees
  A howler monkey (D:7)
  4 electric eels
  22 orc priests
  6 hounds
  A human zombie (D:7)
  2 jellies
  A gnoll bouda (Orc:2)
  3 iguanas
  Ijyb (D:5)
  34 orc wizards
  2 shapeshifter simulacra (IceCv)
  4 hell rats (Lair:5)
  A polar bear simulacrum (Orc:2)
  A wolf simulacrum (Orc:2)
  2 killer bee zombies (D:7)
  6 ogre zombies (D:9)
  2 mummies (D:7)
  A howler monkey zombie (D:7)
  13 gnolls
  6 adders
  3 naga simulacra (Orc:2)
  3 white imps (D:6)
  2 ufetubi (D:6)
  3 dart slugs
  3 worms (D:2)
  57 orcs
  5 ball pythons
  5 bats
  A bat zombie (D:11)
  10 endoplasms
  2 giant cockroaches
  6 goblins
  10 hobgoblins
  3 jackals (D:3)
  21 kobolds
  3 quokkas
  A frilled lizard (D:1)
  2 goblin skeletons (D:9)
  A goblin zombie (D:9)
  3 hobgoblin skeletons (D:9)
  A hobgoblin zombie (D:9)
  2 orc skeletons (D:9)
  10 orc zombies (D:9)
  5 rats
  2 rat zombies (D:11)
  3 fulminant prisms
  2 starspawn tentacles (Abyss:3)
1002 creatures vanquished.

Vanquished Creatures (others)
  A deep elf knight (Elf:1)
  A human (Snake:3)
  A slime creature simulacrum (IceCv)
  A shapeshifter simulacrum (IceCv)
  An orc (Orc:2)
  3 demonic plants (D:6)
  764 fulminant prisms
  44 fungi
  76 plants
  4 starspawn tentacles (Abyss:3)
896 creatures vanquished.

Grand Total: 1898 creatures vanquished

Notes
Turn   | Place    | Note
-------+----------+-------------------------------------------
     0 | D:1      | ragingrage the Draconian Wanderer began the quest for the
                  | Orb.
     0 | D:1      | ragingrage set off with the following items: a +0 hand axe,
                  | a phantom mirror, a +0 hat, a potion of invisibility.
     0 | D:1      | Reached XP level 1. HP: 17/17 MP: 2/2
   285 | D:1      | Reached XP level 2. HP: 26/26 MP: 3/3
   331 | D:1      | Learned a level 1 spell: Magic Dart
   420 | D:1      | Reached skill level 1 in Conjurations
   726 | D:1      | Found a faded altar of an unknown god.
  1038 | D:2      | Reached XP level 3. HP: 30/31 MP: 0/4
  1141 | D:2      | Reached skill level 2 in Conjurations
  1837 | D:2      | Learned a level 2 spell: Searing Ray
  2706 | D:3      | Reached XP level 4. HP: 38/38 MP: 1/6
  2810 | D:3      | Identified the +8 long sword of Bikhub {flame, rF+ MP+9
                  | Int-4}
  3329 | D:3      | Found an opulent altar of Gozag.
  3482 | D:3      | Became a worshipper of Gozag Ym Sagoz the Greedy
  4068 | D:4      | Noticed a scorpion
  4366 | D:4      | Noticed a scorpion
  4450 | D:5      | Entered Level 5 of the Dungeon
  4451 | D:5      | Noticed Dowan
  4453 | D:5      | Noticed Duvessa
  4521 | D:4      | Reached skill level 3 in Conjurations
  4580 | D:4      | Found a broken altar of Ashenzari.
  4635 | D:4      | Reached XP level 5. HP: 45/45 MP: 1/8
  4905 | D:4      | Reached skill level 4 in Conjurations
  5057 | D:4      | Reached XP level 6. HP: 46/51 MP: 10/10
  5331 | D:4      | Reached skill level 5 in Conjurations
  5756 | D:5      | Found a blossoming altar of Fedhas.
  5894 | D:5      | Noticed an ice beast
  5981 | D:5      | Noticed Ijyb
  5997 | D:5      | Killed Ijyb
  6225 | D:5      | Killed an ice beast
  6226 | D:5      | Your scales start taking on a pale cyan-grey colour.
  6226 | D:5      | Reached XP level 7. HP: 22/57 MP: 12/12
  6226 | D:5      | Gained mutation: You are immune to the effects of steam.
                  | [Pale Draconian growth]
  6448 | D:5      | Reached skill level 6 in Conjurations
  6493 | D:5      | Found a shadowy altar of Dithmenos.
  6576 | D:5      | Killed Duvessa
  6593 | D:5      | Killed Dowan
  6637 | D:5      | Identified the +1 leather armour "Jaxzol" {Stlth+}
  7158 | D:5      | Reached skill level 7 in Conjurations
  7460 | D:6      | Found a staircase to the Ecumenical Temple.
  7699 | D:6      | Reached XP level 8. HP: 62/63 MP: 13/14
  7856 | D:6      | Reached skill level 5 in Spellcasting
  7907 | D:6      | Reached skill level 8 in Conjurations
  8248 | D:7      | Noticed a hornet
  8621 | D:7      | Reached skill level 9 in Conjurations
  9002 | D:7      | Reached XP level 9. HP: 73/73 MP: 16/16
  9025 | D:7      | Reached skill level 5 in Fighting
  9178 | D:7      | Paralysed by a hornet for 3 turns
  9194 | D:7      | Reached skill level 10 in Conjurations
  9842 | D:7      | Found a basalt altar of Yredelemnul.
 10062 | D:7      | Noticed Joseph
 10083 | D:7      | Killed Joseph
 10084 | D:7      | Reached skill level 11 in Conjurations
 10268 | D:7      | Found a shimmering blue altar of Sif Muna.
 10575 | D:8      | Found a transporter.
 10610 | D:8      | Learned a level 3 spell: Mephitic Cloud
 10615 | D:8      | Learned a level 4 spell: Fulminant Prism
 10619 | D:8      | Found a burning altar of Makhleb.
 10775 | D:8      | Noticed Pikel
 10791 | D:8      | Killed Pikel
 10791 | D:8      | Noticed Psyche
 10792 | D:8      | Reached skill level 1 in Hexes
 10792 | D:8      | Reached skill level 1 in Air Magic
 10792 | D:8      | Reached XP level 10. HP: 81/86 MP: 15/17
 10835 | D:8      | Killed Psyche
 10836 | D:8      | Reached skill level 1 in Poison Magic
 11377 | D:8      | Identified 3 scrolls of acquirement
 11809 | D:8      | Acquired the +4 pair of gloves "Gexeib" {rF+ rN+}
 11816 | D:8      | Acquired the ring of the Equinox {Fire rElec rCorr SInv
                  | Stlth-}
 11818 | D:8      | Acquired a staff of conjuration
 11968 | D:8      | Noticed Grum
 11979 | D:8      | Killed Grum
 12215 | D:8      | Found a transporter.
 12334 | D:9      | Reached skill level 12 in Conjurations
 12336 | D:9      | Noticed a centaur warrior
 12347 | D:9      | Noticed a centaur warrior
 12358 | D:8      | Gained mutation: Your muscles are strong. (Str +4, Int/Dex
                  | -1) [potion of mutation]
 12358 | D:8      | Gained mutation: Your body sometimes deteriorates upon
                  | taking damage. [potion of mutation]
 12358 | D:8      | Gained mutation: Your spells are a little harder to cast,
                  | but a little more powerful. [potion of mutation]
 12700 | D:9      | Found a white marble altar of Elyvilon.
 12703 | D:9      | Found a stormy altar of Qazlal.
 12906 | D:9      | Found a flagged portal.
 12967 | Bailey   | Entered a bailey
 13210 | Bailey   | Noticed a two-headed ogre
 13221 | Bailey   | Killed a two-headed ogre
 13222 | Bailey   | Reached XP level 11. HP: 74/94 MP: 20/20
 13307 | Bailey   | Reached skill level 1 in Dodging
 13316 | Bailey   | Identified the +4 longbow "Suenn" {vorpal, +Blink rF- Dex+9
                  | SInv}
 13622 | D:9      | Killed a centaur warrior
 13890 | D:9      | Found a staircase to the Orcish Mines.
 14157 | D:9      | Killed a centaur warrior
 14158 | D:9      | Reached skill level 13 in Conjurations
 14391 | D:9      | Found a glowing golden altar of the Shining One.
 14594 | D:9      | Found a hide-covered altar of Uskayaw.
 14599 | D:9      | Found an iron altar of Okawaru.
 14603 | D:9      | Found a snail-covered altar of Cheibriados.
 14854 | D:10     | Entered Level 10 of the Dungeon
 14952 | D:10     | Noticed a centaur warrior
 15212 | D:10     | Killed a centaur warrior
 15614 | D:10     | Found a runed translucent door.
 15813 | D:10     | Noticed an orc knight
 15869 | D:11     | Noticed a two-headed ogre
 15890 | D:11     | Killed a two-headed ogre
 16127 | D:11     | Noticed a two-headed ogre
 16154 | D:11     | Killed a two-headed ogre
 16181 | D:11     | Found a staircase to the Lair.
 16429 | D:11     | Learned a level 5 spell: Irradiate
 16455 | D:11     | Noticed a boulder beetle
 16680 | D:11     | Reached skill level 5 in Hexes
 16684 | D:11     | Reached XP level 12. HP: 60/104 MP: 22/22
 16868 | D:11     | Killed a boulder beetle
 16869 | D:11     | Reached skill level 1 in Shields
 17275 | D:11     | Found an ancient bone altar of Kikubaaqudgha.
 17408 | Lair:1   | Entered Level 1 of the Lair of Beasts
 17411 | Lair:1   | Bought the amulet of Vitality {RegenMP++ Regen++} for 1300
                  | gold pieces
 17411 | Lair:1   | Found the amulet of Vitality {RegenMP++ Regen++}
 17628 | Lair:1   | Reached skill level 14 in Conjurations
 18875 | Lair:2   | Noticed a death yak
 18875 | Lair:2   | Noticed a death yak
 18876 | Lair:2   | Noticed a death yak
 18877 | Lair:2   | Noticed a death yak
 18879 | Lair:2   | Noticed a death yak
 18883 | Lair:2   | Noticed a death yak
 18883 | Lair:2   | Killed a death yak
 18884 | Lair:2   | Reached skill level 10 in Fighting
 18948 | Lair:1   | Killed a death yak
 18949 | Lair:1   | Reached skill level 5 in Dodging
 19103 | Lair:2   | Found a staircase to the Snake Pit.
 19393 | Lair:1   | Killed a death yak
 19419 | Lair:2   | Killed a death yak
 19420 | Lair:2   | Reached XP level 13. HP: 112/113 MP: 25/25
 19593 | Lair:1   | Reached skill level 15 in Conjurations
 20774 | Lair:3   | Found a runed translucent gate.
 20774 | Lair:3   | Found a runed translucent gate.
 20774 | Lair:3   | Found a runed translucent gate.
 20774 | Lair:3   | Noticed brouguemayhem's ghost (journeyman MiBe)
 20776 | Lair:3   | Found a staircase to the Shoals.
 21033 | Lair:3   | Reached skill level 5 in Shields
 21770 | Lair:4   | Acquired the ring of the Magpie {rElec rC+ Dex+3 SInv
                  | Stlth-}
 22642 | Lair:5   | Entered Level 5 of the Lair of Beasts
 23071 | Lair:5   | Reached XP level 14. HP: 121/121 MP: 27/27
 23283 | Lair:5   | Reached skill level 1 in Transmutations
 24080 | Lair:5   | Found a runed translucent door.
 24082 | Lair:5   | Noticed an acid blob
 24083 | Lair:5   | Found a staircase to the Slime Pits.
 24084 | Lair:5   | Noticed an acid blob
 24215 | Lair:5   | Identified the ring "Ceer" {rPois rC+ rCorr Dex+3 Stlth+}
 24855 | D:12     | Noticed Azrael
 24959 | Lair:1   | Bought a metallic red potion for 27 gold pieces
 25019 | D:12     | Noticed Fannar
 25034 | D:12     | Killed Fannar
 25722 | D:12     | Killed Azrael
 25897 | Orc:1    | Entered Level 1 of the Orcish Mines
 25965 | Orc:1    | Noticed Harold
 25981 | Orc:1    | Killed Harold
 26173 | Orc:2    | Entered Level 2 of the Orcish Mines
 26173 | Orc:2    | Found Meer's Antique Armour Shop.
 26173 | Orc:2    | Found a staircase to the Elven Halls.
 26206 | Orc:2    | Reached skill level 5 in Evocations
 26264 | Orc:2    | Found Ikuow's General Store.
 26341 | Orc:2    | Found Elikluev's Magic Scroll Boutique.
 26356 | Orc:2    | Reached skill level 10 in Spellcasting
 26368 | Orc:2    | Found a frozen archway.
 26395 | IceCv    | Entered an ice cave
 26408 | IceCv    | Reached skill level 16 in Conjurations
 26734 | IceCv    | Noticed an azure jelly
 26761 | IceCv    | Killed an azure jelly
 26767 | IceCv    | Noticed a quicksilver ooze
 26773 | IceCv    | Killed a quicksilver ooze
 26798 | IceCv    | Reached XP level 15. HP: 126/126 MP: 19/29
 26831 | IceCv    | Found a viscous altar of Jiyva.
 26851 | IceCv    | Identified the ring of Compulsion {Fly Dex+3}
 26857 | IceCv    | Identified the +2 ice dragon scales of Space {Harm rF- rC++
                  | Regen+ Int+3}
 27090 | IceCv    | Identified the +6 ice dragon scales of Caevul {rElec rF-
                  | rC++}
 27168 | Orc:2    | Bought 2 scrolls of blinking for 165 gold pieces
 27168 | Orc:2    | Bought a scroll of fear for 44 gold pieces
 27168 | Orc:2    | Bought a scroll of fog for 44 gold pieces
 27168 | Orc:2    | Bought a scroll of teleportation for 33 gold pieces
 27168 | Orc:2    | Bought a scroll of blinking for 82 gold pieces
 27168 | Orc:2    | Bought a scroll of fear for 44 gold pieces
 27168 | Orc:2    | Bought a scroll of blinking for 82 gold pieces
 27200 | Orc:2    | Bought a pair of runed boots for 240 gold pieces
 27260 | Orc:2    | Bought a potion of heal wounds for 80 gold pieces
 27260 | Orc:2    | Bought a scroll of fog for 64 gold pieces
 27260 | Orc:2    | Bought a potion of haste for 160 gold pieces
 27291 | Orc:2    | Found Toink's Weapon Shoppe.
 27291 | Orc:2    | Found Gagitygh's Weapon Shoppe.
 27292 | Orc:2    | Found Vaskywor's Armour Emporium.
 27296 | Orc:2    | Found Otte's Antique Armour Emporium.
 27367 | Orc:2    | Reached skill level 10 in Shields
 27506 | Orc:2    | Found Qymuttao's General Store.
 27514 | Orc:2    | Bought a potion of resistance for 130 gold pieces
 27516 | Orc:2    | Found Raps's Jewellery Shoppe.
 28289 | Snake:1  | Entered Level 1 of the Snake Pit
 28586 | Snake:1  | Found a runed translucent gate.
 28586 | Snake:1  | Found a runed translucent gate.
 28586 | Snake:1  | Found a runed translucent gate.
 28588 | Snake:1  | Noticed Saojabem's ghost (adept MiBe)
 28702 | Snake:1  | Reached skill level 5 in Transmutations
 29312 | Snake:1  | Found Epuitaukk's Weapon Emporium.
 30623 | Snake:3  | Identified the +1 robe of Eternal Vigilance {+Blink rCorr
                  | Int+2 Dex-5}
 30792 | Snake:3  | Noticed Kirke
 30829 | Snake:3  | Killed Kirke
 30981 | Snake:3  | Noticed a nagaraja
 30991 | Snake:3  | Killed a nagaraja
 31197 | Snake:3  | Noticed Vashnia
 31402 | Snake:3  | Reached XP level 16. HP: 118/134 MP: 30/30
 31792 | Snake:3  | Killed Vashnia
 32237 | Snake:4  | Entered Level 4 of the Snake Pit
 32351 | Snake:4  | Reached skill level 17 in Conjurations
 32499 | Snake:4  | Reached skill level 10 in Dodging
 33404 | Snake:4  | Reached skill level 18 in Conjurations
 33806 | Snake:4  | Got a serpentine rune of Zot
 34099 | Lair:1   | Bought a book of Dangerous Friends for 480 gold pieces
 34110 | Lair:1   | Learned a level 7 spell: Orb of Destruction
 34183 | Elf:1    | Entered Level 1 of the Elven Halls
 34203 | Elf:1    | Paralysed by an air elemental for 1 turns
 34363 | Elf:1    | Reached skill level 19 in Conjurations
 35306 | Elf:1    | Reached XP level 17. HP: 123/139 MP: 25/31
 35896 | Elf:2    | Reached skill level 20 in Conjurations
 36349 | Elf:2    | Found Ysutiger's Antique Armour Shoppe.
 36715 | Abyss:3  | Cast into level 3 of the Abyss (a deep elf demonologist)
 36802 | Abyss:3  | Noticed a bone dragon
 36828 | Abyss:3  | Killed a bone dragon
 36860 | Abyss:3  | Noticed a lich
 36867 | Abyss:3  | Killed a lich
 36868 | Abyss:3  | Reached skill level 1 in Staves
 36903 | Abyss:3  | Paralysed by accursed screaming for 1 turns
 36920 | Abyss:3  | Found a corrupted altar of Lugonu.
 37036 | Elf:2    | Escaped the Abyss
 37197 | Elf:2    | Found a runed translucent gate.
 37198 | Elf:2    | Found a runed translucent gate.
 37201 | Elf:2    | Found a runed translucent gate.
 37594 | Elf:3    | Entered Level 3 of the Elven Halls
 37625 | Elf:3    | Noticed a Brimstone Fiend
 38540 | Elf:3    | Noticed Asterion
 38546 | Elf:3    | Killed Asterion
 38619 | Elf:3    | Reached XP level 18. HP: 151/151 MP: 22/33
 39078 | Elf:3    | Identified the +2 chain mail of Fanuedy {rC- Int+5}
 40355 | Elf:3    | Identified the amulet "Isec" {Acrobat -Tele Str+6}
 40531 | Elf:3    | Learned a level 7 spell: Spellforged Servitor
 40620 | Elf:3    | Reached skill level 1 in Summonings
 40647 | Abyss:3  | Cast into level 3 of the Abyss (a deep elf sorcerer)
 40719 | Abyss:3  | Noticed an ancient lich
 40749 | Abyss:3  | Killed from afar by an ancient lich

Illustrated notes

Levels and vault maps discovered:
D:1:      heliophobic_arrival_glass_houses, layout_basic,
          shapermc_ecumenical_altar_flowoftime
D:2:      layout_loops_corners
D:3:      layout_basic, lemuel_coloured_pillars_altar
D:4:      layout_gridville, evilmike_ruin_ashenzari
D:5:      layout_basic, nicolae_dithmenos_shadow_blocks, fedhas_altar_1,
          uniq_ijyb, uniq_duvessa
D:6:      layout_loops_ring, minmay_temple_entry_grid, serial_demonic,
          serial_demonic_c, serial_demonic_a, serial_demonic_e, serial_demonic_g
D:7:      layout_loops_ring, lemuel_mausoleum_altar_yredelemnul, tgw_sif,
          minmay_misc_feat_chi, uniq_joseph
D:8:      gammafunk_beogh_shrine, layout_gridville,
          mainiacjoe_overflow_24_doors, minmay_puff, uniq_pikel, uniq_grum,
          uniq_psyche
D:9:      layout_stronghold, lemuel_crystal_altar,
          minmay_overflow_temple_star_quad, nicolae_overflow_squiral,
          zombieorc1_lemuel, enter_bailey_4
D:10:     layout_basic, lightli_church_of_beogh
D:11:     layout_rooms, hellmonk_lair_entry_icy,
          lemuel_zombie_altar_kikubaaqudgha
D:12:     layout_stronghold, item_on_display_a, uniq_fannar, uniq_azrael
Lair:1:   layout_small_grid, serial_bayou, serial_bayou_pond_d,
          serial_bayou_shore_b, serial_bayou_pond_b, serial_bayou_pond_e,
          nicolae_lair_run_with_the_wolves
Lair:2:   layout_regular_city, minmay_snake_entry_guardpost_small
Lair:3:   layout_cave_pods, minmay_shoals_entry_centaurs,
          ebering_ghost_rock_garden, chequers_serial_rivers_micro_a,
          serial_bayou_shore_a
Lair:4:   layout_regular_city, beast_lair_carwin_6
Lair:5:   minmay_lair_end_enchanted_forest, layout_cave_pods, slime_entry_2,
          grunt_megastairs_5
Snake:1:  layout_onion_interference, gammafunk_ghost_split, serial_shops,
          nicolae_shop_bloodbath_and_beyond, st_stairs_14
Snake:2:  layout_honeycomb, nicolae_snake_snake_lake, st_stairs_4
Snake:3:  layout_basic, uniq_vashnia, uniq_kirke
Snake:4:  minmay_snake_end_coiled, layout_onion_interference,
          grunt_ministairs_12, minmay_snake_pond
Orc:1:    layout_diamond_mine, abandoned_shop, mines1_david, uniq_harold
Orc:2:    st_orc_mages, layout_caves, portal_ice_cave_entry_ice_simulacra,
          serial_shops, shop, nicolae_lakefront_shop, nicolae_shop_waterfront,
          shop, nicolae_shop_crystal, nooodl_orcs_dogs
Elf:1:    eino_elf_arrival_sip, layout_loops_cross, evilmike_minifort
Elf:2:    nicolae_elf_blades_splatter_lattice [infiniplex_blade_entry_pillars],
          layout_gridlike, serial_shops, shop
Elf:3:    elf_hall, layout_onion_city, uniq_asterion
Abyss:3:  base: Depths:2, base: Snake:4, evilmike_abyss_exit_9,
          evilmike_abyss_exit_chaos, evilmike_abyss_exit_chaos,
          dshaligram_kb_abyss_rune_zappy_water_cross, base: Depths:4,
          evilmike_abyss_exit_8, abyss_greek_temple

Skill      XL: |  1  2  3  4  5  6  7  8  9 10 11 12 13 14 15 16 17 18 |
---------------+-------------------------------------------------------+-----
Fighting       | 3 4 7 8 9 10 11 | 11.8
Conjurations   | 1 2 3 4 5 7 9 11 12 13 14 15 16 19 20 | 20.0
Spellcasting   | 2 3 4 5 6 7 8 9 10 11 | 11.3
Hexes          | 1 3 5 6 7 8 |  8.0
Air Magic      | 1 3 |  3.0
Poison Magic   | 2 |  2.0
Dodging        | 3 5 6 7 9 10 | 10.0
Shields        | 4 7 9 12 13 14 | 14.1
Transmutations | 4 6 7 |  7.0
Evocations     | 5 7 8 |  8.2
Staves         | 3 |  3.9
Summonings     | 1 |  1.0
Axes           | |  2.0
Stealth        | |  1.7

Action                   |  1- 3 |  4- 6 |  7- 9 | 10-12 | 13-15 | 16-18 || total
-------------------------+-------+-------+-------+-------+-------+-------++-------
Melee: Hand axe          |   103 |    25 |       |       |       |       ||   128
       Tailslap          |    13 |     3 |     9 |    11 |    18 |     8 ||    62
       Punch             |     1 |       |     1 |     1 |       |       ||     3
       Unarmed           |       |     4 |       |       |       |       ||     4
       Long sword        |       |    19 |    47 |    68 |       |       ||   134
       Staff             |       |       |       |    30 |    99 |    63 ||   192
Throw: Dart              |       |       |     2 |     9 |     6 |       ||    17
 Cast: Magic Dart        |    54 |    61 |    75 |   230 |    98 |     2 ||   520
       Searing Ray       |     2 |    18 |    36 |    33 |   117 |    35 ||   241
       Mephitic Cloud    |       |       |     1 |    14 |     5 |       ||    20
       Fulminant Prism   |       |       |       |    81 |   452 |   234 ||   767
       Orb of Destructio |       |       |       |       |       |   147 ||   147
       Irradiate         |       |       |       |       |       |    15 ||    15
Invok: Call Merchant     |       |       |       |     1 |     2 |       ||     3
 Abil: Breathe Steam     |       |       |    34 |   114 |    74 |    14 ||   236
Evoke: Wand              |       |       |       |     3 |     9 |     4 ||    16
       Phantom mirror    |       |       |       |     1 |     1 |     2 ||     4
       Condenser vane    |       |       |       |       |       |     1 ||     1
  Use: Potion            |       |     2 |     2 |     3 |     1 |     3 ||    11
       Scroll            |       |       |     4 |     9 |     9 |    11 ||    33
 Stab: Sleeping          |     4 |       |       |       |       |       ||     4
       Distracted        |       |       |       |     2 |       |       ||     2
Armor: Skin              |    33 |    28 |    50 |   131 |   138 |    74 ||   454
Dodge: Dodged            |    62 |    26 |    55 |   169 |   224 |   164 ||   700
Block: Kite shield       |       |       |       |    38 |   339 |   216 ||   593

Table legend: (Time is in decaauts)
 A = Elapsed time spent in this place.
 B = Non-inter-level travel time spent in this place.
 C = Inter-level travel time spent in this place.
 D = Time resting spent in this place.
 E = Time spent auto-exploring this place.
 F = Levels seen in this place.
 G = Mean time per level.
                   A        B        C        D        E       F      G
               +--------+--------+--------+--------+--------+-----+--------+
         Total |  41028 |  38627 |   2401 |   9476 |  20050 |  30 | 1367.6 |
       Dungeon |  18424 |  17269 |   1155 |   4975 |   9059 |  12 | 1535.3 |
          Lair |   7733 |   7109 |    624 |   1014 |   4329 |   5 | 1546.6 |
     Snake Pit |   5526 |   5151 |    375 |    780 |   2749 |   4 | 1381.5 |
  Orcish Mines |   1593 |   1485 |    108 |     97 |    865 |   2 |  796.5 |
   Elven Halls |   6151 |   6014 |    137 |   2246 |   2614 |   3 | 2050.3 |
         Abyss |    442 |    442 |      0 |     44 |     48 |   2 |  221.0 |
        Bailey |    420 |    420 |      0 |    128 |    131 |   1 |  420.0 |
      Ice Cave |    736 |    736 |      0 |    192 |    253 |   1 |  736.0 |
               +--------+--------+--------+--------+--------+-----+--------+

Top non-repeatable levels by time:
   Elf:3: 3013 daAuts
     D:7: 2126 daAuts
     D:9: 2063 daAuts
     D:8: 2044 daAuts
     D:4: 1981 daAuts
  Lair:1: 1950 daAuts
   Elf:1: 1947 daAuts
  Lair:5: 1913 daAuts
 Snake:3: 1868 daAuts
     D:5: 1703 daAuts
    D:11: 1674 daAuts
     D:2: 1493 daAuts
 Snake:4: 1466 daAuts
  Lair:3: 1369 daAuts
  Lair:2: 1268 daAuts
